 Dungeon Crawl Stone Soup version 0.30.0-29-ga12c61a403 (webtiles) character file.

Game seed: 8722351152606324707

79 H0rd4k the Charlatan (level 4, -1/32 HPs)
             Began as a Human Artificer on June 19, 2023.
             Killed from afar by a goblin (5 damage)
             ... with a puff of flame
             ... led by Robin
             ... on level 2 of the Dungeon.
             The game lasted 00:01:37 (1233 turns).

H0rd4k the Charlatan (Human Artificer)              Turns: 1233, Time: 00:01:37

Health: -1/32      AC:  4    Str: 12    XL:     4   Next: 64%
Magic:  4/4        EV: 11    Int: 13    God:
Gold:   29         SH:  0    Dex: 14    Spells: 3/3 levels left

rFire   . . .        l - +0 mace
rCold   . . .        (no shield)
rNeg    . . .        b - +0 leather armour
rPois   .            m - +0 helmet
rElec   .            (no cloak)
rCorr   .            (no gloves)
SInv    .            (no boots)
Will    .....        (no amulet)
Stlth   +            (no ring)
HPRegen 0.25/turn    (no ring)
MPRegen 0.09/turn

%: no passive effects
@: no status effects
A: no striking features
a: no special abilities


You were on level 2 of the Dungeon.
You visited 1 branch of the dungeon, and saw 2 of its levels.

You collected 29 gold pieces.

Inventory:

Hand Weapons
 l - a +0 mace (weapon)
Armour
 b - a +0 leather armour (worn)
 m - a +0 helmet (worn)
Jewellery
 s - a +4 ring of protection
Wands
 c - a wand of flame (9) (quivered)
 d - a wand of charming (12)
 e - a wand of iceblast (4)
Scrolls
 f - a scroll of identify {unknown}
 h - 2 scrolls of teleportation {unknown}
 j - a scroll of blinking {unknown}
 o - 2 scrolls of fear {unknown}
Potions
 a - a potion of berserk rage {unknown}
 g - 2 potions of curing {unknown}
 i - a potion of resistance {unknown}
 k - a potion of heal wounds {unknown}
 n - a potion of flight {unknown}
 p - a potion of attraction {unknown}
 q - 2 potions of mutation {unknown}
 r - a potion of lignification {unknown}


   Skills:
 + Level 1.4 Fighting
 + Level 2.2 Maces & Flails
 - Level 2.0 Armour
 + Level 1.8 Dodging
 + Level 1.2 Stealth
 + Level 3.7 Evocations


You had 3 spell levels left.
You didn't know any spells.
Your spell library contained the following spells:

 Spells                   Type           Power      Damage    Failure   Level
 Ozocubu's Armour         Ice            0%         N/A       75%         3
 Volatile Blastmotes      Fire/Tloc      0%         2d10      75%         3
 Flame Wave               Conj/Fire      0%         2d4       98%         4
 Ozocubu's Refrigeration  Ice            0%         4d7       100%        7


Dungeon Overview and Level Annotations

Branches:
Dungeon (1/15)

Altars:


Message History

The goblin is moderately wounded.
The goblin zaps a wand.
The puff of flame hits you! The goblin hits you but does no damage.
There are monsters nearby!
You closely miss the goblin.
The goblin is moderately wounded.
The goblin hits you but does no damage.
There are monsters nearby!
You hit the goblin.
The goblin is severely wounded.
The goblin hits you with a +0 dagger. The worm closely misses you.
The goblin attacks as you move away! The goblin hits you with a +0 dagger.
The goblin attacks as you move away! The goblin closely misses you.
The goblin attacks as you move away! The goblin barely misses you.
You miss the goblin.
The goblin is severely wounded.
The goblin barely misses you. The goblin hits you with a +0 dagger.
You closely miss the goblin.
The goblin is severely wounded.
The goblin hits you but does no damage.
You closely miss the goblin.
The goblin is severely wounded.
The goblin hits you with a +0 dagger.
You hit the goblin.
You kill the goblin!
The goblin zaps a wand.
The puff of flame hits you!
The goblin zaps a wand.
The puff of flame hits you.
* * * LOW HITPOINT WARNING * * *
The goblin completely misses you.
You see here a +0 dagger.
You hit the goblin but do no damage. The goblin hits you with a +0 club.
* * * LOW HITPOINT WARNING * * *
You hit the goblin.
The goblin is moderately wounded.
The goblin hits you with a +0 club.
* * * LOW HITPOINT WARNING * * *
You closely miss the goblin.
The goblin is moderately wounded.
The goblin zaps a wand.
The puff of flame hits you.
You die...

#............. #.
#...##############
#..#.................
#>....#.#............
#..##.........########## #.
###.#.###).......... # #w#.#
###.###..... #g#.# #.#...#...
#@#.# #.#.#.#.## #.#.# #.....#.#
#.#.# ###.....# #.#.# #.....#
#.#.#######.....#
................##
............^.....
................##
.................)........#....#


You could see a worm and a goblin.

Vanquished Creatures
  Robin (D:2)
  2 adders (D:2)
  A dart slug (D:2)
  4 ball pythons (D:2)
  2 endoplasms
  4 giant cockroaches
  3 hobgoblins
  3 kobolds (D:1)
  5 bats
  2 frilled lizards
  15 goblins
  2 rats
44 creatures vanquished.

Vanquished Creatures (collateral kills)
  A bat (D:1)
1 creature vanquished.

Vanquished Creatures (others)
  A rat (D:1)
1 creature vanquished.

Grand Total: 46 creatures vanquished

Notes
Turn   | Place    | Note
-------+----------+-------------------------------------------
     0 | D:1      | H0rd4k the Human Artificer began the quest for the Orb.
     0 | D:1      | Reached XP level 1. HP: 15/15 MP: 1/1
   104 | D:1      | Reached XP level 2. HP: 18/21 MP: 2/2
   204 | D:1      | Found a faded altar of an unknown god.
   480 | D:1      | Reached XP level 3. HP: 13/26 MP: 3/3
   531 | D:1      | You fall into a shaft and drop 1 floor!
   671 | D:2      | Noticed Robin
   672 | D:2      | Reached skill level 1 in Maces & Flails
   791 | D:2      | Killed Robin
   792 | D:2      | Reached XP level 4. HP: 5/32 MP: 4/4
  1122 | D:2      | Got the Vellum of Polar Oxidation
  1233 | D:2      | Killed from afar by a goblin

Illustrated notes

Levels and vault maps discovered:
D:1:      erik_arrival_triangle_small, layout_rooms,
          chequers_ecumenical_altar_twisty
D:2:      layout_basic, kennysheep_cross_room, uniq_robin

Skill      XL: |  1  2  3  4 |
---------------+-------------+-----
Maces & Flails | 1 2 |  2.2
Fighting       | |  1.4
Armour         | |  2.0
Dodging        | |  1.8
Stealth        | |  1.2
Evocations     | |  3.7

Action                     |  1- 3 |  4- 6 || total
---------------------------+-------+-------++-------
  Melee: Club              |   147 |       ||   147
         Punch             |     1 |       ||     1
         Mace              |       |    47 ||    47
  Evoke: Wand              |    10 |       ||    10
 Armour: Leather armour    |    81 |    22 ||   103
  Dodge: Dodged            |   146 |    43 ||   189
